 Dungeon Crawl Stone Soup version 0.23-a0-808-gd21de94 (webtiles) character file.

8089 Lanoc the Blocker (level 11, -11/133 HPs)
             Began as a Gnoll Fighter on Jan 20, 2019.
             Was a Priest of Makhleb.
             Mangled by Snorg (15 damage)
             ... on level 10 of the Dungeon.
             The game lasted 00:20:11 (9412 turns).

Lanoc the Blocker (Gnoll Fighter)                   Turns: 9412, Time: 00:20:12

Health: -11/133    AC: 16    Str: 26    XL:     11   Next: 25%
Magic:  20/20      EV: 11    Int: 11    God:    Makhleb [***...]
Gold:   375        SH:  0    Dex: 15    Spells: 22/22 levels left

rFire    + . .     SeeInvis +   G - +7 great sword of Tomucin {speed, +Fly rElec}
rCold    . . .     Gourm    .   (shield currently unavailable)
rNeg     . . .     Faith    .   I - +0 plate armour (curse)
rPois    .         Spirit   .   (no helmet)
rElec    +         Reflect  .   z - +0 cloak
rCorr    .         Harm     .   O - +0 pair of gloves
MR       .....                  (no boots)
Stlth    ..........             s - amulet of magic regeneration
HPRegen  0.32/turn              A - ring of protection from fire
MPRegen  0.42/turn              a - ring of see invisible

@: berserking, lethally poisoned (-11 -> -11), very quick
A: distributed training, fangs 1, strong nose
a: Minor Destruction, Lesser Servant of Makhleb, Renounce Religion, Evoke Flight


You were on level 10 of the Dungeon.
You worshipped Makhleb.
Makhleb was most pleased with you.
You were very hungry.

You visited 2 branches of the dungeon, and saw 11 of its levels.

You collected 375 gold pieces.

Inventory:

Hand Weapons
 t - a +1 flail of crushing
 w - a +4 quarterstaff of chaos
 G - the +7 great sword of Tomucin (weapon) {speed, +Fly rElec}
   (You found it on level 5 of the Dungeon)

   Attacks with this weapon are significantly faster.
   It insulates you from electricity.
   It lets you fly.
 J - a +2 war axe of flaming
 M - a +5 hunting sling
Missiles
 i - 69 sling bullets
 y - 165 arrows
 C - 49 bolts
Armour
 c - a +0 shield
 z - a +0 cloak (worn)
 I - a cursed +0 plate armour (worn)
 O - a +0 pair of gloves (worn)
Magical Staves
 b - an uncursed staff of earth
Jewellery
 a - a ring of see invisible (right hand)
 s - an amulet of magic regeneration (around neck)
 A - a ring of protection from fire (left hand)
Wands
 d - a wand of flame (4)
 r - a wand of scattershot (7)
 B - a wand of disintegration (13)
 D - a wand of clouds (5)
Scrolls
 j - 2 scrolls of fog
 k - 2 scrolls of magic mapping {unknown}
 l - 2 scrolls of enchant armour {unknown}
 n - 3 scrolls of teleportation
 u - a scroll of noise {unknown}
 x - 2 scrolls of amnesia
 F - a scroll of enchant weapon {unknown}
 N - a scroll of remove curse
Potions
 e - 5 potions of curing
 g - a potion of heal wounds
 m - 5 potions of agility
 o - 3 potions of lignification
 p - 3 potions of resistance
 q - 3 potions of degeneration {unknown}
 v - 4 potions of haste
 E - a potion of brilliance
 H - a potion of flight
 K - a potion of magic {unknown}
 L - a potion of invisibility {unknown}
Comestibles
 f - 20 rations


   Skills:
 + Level 9.0 Fighting
 + Level 6.0 Short Blades
 + Level 7.6 Long Blades
 + Level 6.0 Axes
 + Level 6.0 Maces & Flails
 + Level 6.0 Polearms
 + Level 6.0 Staves
 + Level 6.0 Slings
 + Level 6.0 Bows
 + Level 6.0 Crossbows
 + Level 6.0 Throwing
 + Level 9.0 Armour
 + Level 6.0 Dodging
 + Level 6.0 Stealth
 + Level 9.0 Shields
 + Level 6.0 Unarmed Combat
 + Level 6.0 Spellcasting
 + Level 5.0 Conjurations
 + Level 5.0 Hexes
 + Level 5.0 Charms
 + Level 5.0 Summonings
 + Level 5.0 Necromancy
 + Level 5.0 Translocations
 + Level 5.0 Transmutations
 + Level 5.0 Fire Magic
 + Level 5.0 Ice Magic
 + Level 5.0 Air Magic
 + Level 5.0 Earth Magic
 + Level 5.0 Poison Magic
 + Level 6.6 Invocations
 + Level 6.0 Evocations


You had 22 spell levels left.
You didn't know any spells.
Your spell library contained the following spells:

 Spells                   Type           Power        Failure   Level  Hunger
 Animate Skeleton         Necr           N/A          24%         1    None
 Confusing Touch          Hex            ##....       24%         1    None
 Magic Dart               Conj           ##..         24%         1    None
 Pain                     Necr           ##..         24%         1    None
 Blink                    Tloc           N/A          36%         2    ##.....
 Call Imp                 Summ           ##......     36%         2    ##.....
 Slow                     Hex            ##......     36%         2    ##.....
 Confuse                  Hex            ##......     58%         3    ###....
 Conjure Flame            Conj/Fire      ##......     58%         3    ###....
 Gell's Gravitas          Tloc           ##........   58%         3    ###....
 Mephitic Cloud           Conj/Pois/Air  ##......     58%         3    ###....
 Regeneration             Chrm/Necr      ##........   58%         3    ###....
 Vampiric Draining        Necr           ##........   58%         3    ###....
 Animate Dead             Necr           N/A          94%         4    ####...
 Petrify                  Tmut/Erth      ##......     94%         4    ####...
 Metabolic Englaciation   Hex/Ice        ##........   100%        5    ######.
 Yara's Violent Unravell  Hex/Tmut       ##........   100%        5    ######.


Dungeon Overview and Level Annotations

Branches:
Dungeon (10/15)            Temple (1/1) D:6            Lair (0/6) D:9
    Orc: D:9-12

Altars:
Ashenzari
Cheibriados
Dithmenos
Elyvilon
Fedhas
Gozag
Hepliaklqana
Kikubaaqudgha
Makhleb
Nemelex Xobeh
Okawaru
Qazlal
Ru
Sif Muna
Trog
Uskayaw
Vehumet
Wu Jian
Xom
Yredelemnul
Zin
The Shining One

Annotations:
D:9 exclusion: ice statue
D:10 Snorg


Innate Abilities, Weirdness & Mutations

Your experience applies equally to all skills.
You have very sharp teeth.
Your uncanny sense of smell can sniff out nearby items.


Message History

Snorg misses you. Snorg claws you but does no damage. Snorg barely misses you.
You closely miss Snorg.
Snorg is severely wounded.
Snorg bites you!
* * * LOW HITPOINT WARNING * * *
Snorg claws you but does no damage. Snorg claws you.
* * * LOW HITPOINT WARNING * * *
You barely miss Snorg.
Snorg is severely wounded.
Snorg bites you!
* * * LOW HITPOINT WARNING * * *
Snorg barely misses you. Snorg claws you.
* * * LOW HITPOINT WARNING * * *
Your plate armour prevents you from hitting Snorg.
Snorg is severely wounded.
You feel sick.
You slash Snorg!
Snorg is almost dead.
Snorg bites you!
You die...

......#....#
#..))...#
######...)...###
...............#
######o#...##.+
#<#o#o##
#.###.o# #.#
##T# #. #@## ∆ #
#.## #.# #. . ..
.. #..


You could see Snorg (berserk), an orc wizard (invisible) and an orc.

Vanquished Creatures
  A two-headed ogre (D:8)
  Joseph (D:8)
  An elephant (D:9)
  A centaur skeleton (D:10)
  2 hornets (D:8)
  2 hippogriffs (D:9)
  3 yaks (D:9)
  Eustachio (D:5)
  Grum (D:9)
  A steam dragon (D:9)
  Menkaure (D:4)
  Duvessa (D:5)
  6 orc warriors
  3 sky beasts
  A necrophage (D:9)
  5 ogres
  A phantom (D:4)
  4 wolves (D:9)
  2 crocodiles (D:9)
  5 centaurs
  Blork the orc (D:4)
  8 bullfrogs
  Dowan (D:5)
  4 scorpions
  4 howler monkeys
  A bullfrog zombie (D:8)
  7 crimson imps
  A centaur zombie (D:6)
  4 hounds
  A bullfrog skeleton (D:4)
  4 orc priests
  Crazy Yiuf (D:4)
  7 orc wizards
  2 iguanas (D:7)
  Ijyb (D:5)
  7 worker ants
  A killer bee zombie (D:7)
  8 gnolls
  9 adders
  A shadow imp (D:5)
  6 worms
  A dart slug (D:1)
  8 leopard geckos
  35 orcs
  11 giant cockroaches
  7 goblins
  6 hobgoblins
  15 jackals
  11 quokkas
  2 ball pythons
  5 bats
  5 frilled lizards
  A giant cockroach zombie (D:5)
  8 kobolds
  A leopard gecko skeleton (D:3)
  A quokka skeleton (D:4)
  5 rats
244 creatures vanquished.

Vanquished Creatures (others)
  A bullfrog (D:7)
  2 orc priests (D:7)
  An orc wizard (D:7)
  A leopard gecko (D:7)
5 creatures vanquished.

Grand Total: 249 creatures vanquished

Notes
Turn   | Place    | Note
-------+----------+-------------------------------------------
     0 | D:1      | Lanoc the Gnoll Fighter began the quest for the Orb.
     0 | D:1      | Reached XP level 1. HP: 23/23 MP: 1/1
   150 | D:1      | Reached XP level 2. HP: 26/29 MP: 2/2
   217 | D:1      | Reached XP level 3. HP: 34/35 MP: 3/3
   510 | D:1      | Reached skill level 1 in Invocations
   695 | D:2      | Reached skill level 1 in Short Blades
   695 | D:2      | Reached skill level 1 in Axes
   695 | D:2      | Reached skill level 1 in Maces & Flails
   695 | D:2      | Reached skill level 1 in Polearms
   695 | D:2      | Reached skill level 1 in Staves
   695 | D:2      | Reached skill level 1 in Slings
   695 | D:2      | Reached skill level 1 in Bows
   695 | D:2      | Reached skill level 1 in Crossbows
   695 | D:2      | Reached skill level 1 in Throwing
   695 | D:2      | Reached skill level 1 in Dodging
   695 | D:2      | Reached skill level 1 in Stealth
   695 | D:2      | Reached skill level 1 in Unarmed Combat
   695 | D:2      | Reached skill level 1 in Spellcasting
   695 | D:2      | Reached skill level 1 in Evocations
   695 | D:2      | Reached XP level 4. HP: 37/41 MP: 5/5
  1489 | D:3      | Reached skill level 1 in Conjurations
  1489 | D:3      | Reached skill level 1 in Hexes
  1489 | D:3      | Reached skill level 1 in Charms
  1489 | D:3      | Reached skill level 1 in Summonings
  1489 | D:3      | Reached skill level 1 in Necromancy
  1489 | D:3      | Reached skill level 1 in Translocations
  1489 | D:3      | Reached skill level 1 in Transmutations
  1489 | D:3      | Reached skill level 1 in Fire Magic
  1489 | D:3      | Reached skill level 1 in Ice Magic
  1489 | D:3      | Reached skill level 1 in Air Magic
  1489 | D:3      | Reached skill level 1 in Earth Magic
  1489 | D:3      | Reached skill level 1 in Poison Magic
  1568 | D:3      | Reached XP level 5. HP: 42/47 MP: 6/6
  2607 | D:4      | Noticed an ogre
  2612 | D:4      | Noticed a phantom
  2616 | D:4      | Killed an ogre
  2616 | D:4      | Reached XP level 6. HP: 34/53 MP: 8/8
  2628 | D:4      | Killed a phantom
  2628 | D:4      | Reached skill level 5 in Long Blades
  2994 | D:3      | Reached XP level 7. HP: 59/59 MP: 10/10
  3147 | D:4      | Noticed Blork the orc
  3157 | D:4      | Killed Blork the orc
  3428 | D:4      | Found an opulent altar of Gozag.
  3620 | D:4      | Noticed Menkaure
  3633 | D:4      | Killed Menkaure
  3935 | D:4      | Found a runed door.
  3939 | D:4      | Noticed Crazy Yiuf
  3944 | D:4      | Killed Crazy Yiuf
  3944 | D:4      | Reached XP level 8. HP: 54/67 MP: 12/12
  3997 | D:5      | Entered Level 5 of the Dungeon
  4155 | D:5      | Found a burning altar of Makhleb.
  4169 | D:5      | Became a worshipper of Makhleb the Destroyer
  4202 | D:5      | Found an iron altar of Okawaru.
  4205 | D:5      | Noticed Dowan
  4206 | D:5      | Noticed Duvessa
  4225 | D:5      | Killed Duvessa
  4228 | D:5      | Killed Dowan
  4500 | D:5      | Noticed Ijyb
  4509 | D:5      | Killed Ijyb
  4531 | D:5      | Got a twisted great sword
  4557 | D:5      | Identified the +7 great sword of Tomucin {speed, +Fly
                  | rElec} (You found it on level 5 of the Dungeon)
  4605 | D:5      | Found a hazy altar of Hepliaklqana.
  4633 | D:5      | Noticed Eustachio
  4653 | D:5      | Killed Eustachio
  4823 | D:5      | Found a stormy altar of Qazlal.
  5048 | D:6      | Reached XP level 9. HP: 60/72 MP: 14/14
  5055 | D:6      | Reached * piety under Makhleb
  5183 | D:6      | Found a staircase to the Ecumenical Temple.
  5205 | Temple   | Entered the Ecumenical Temple
  5464 | D:6      | Found a sacrificial altar of Ru.
  5565 | D:6      | Found a radiant altar of Vehumet.
  5674 | D:6      | Got a shimmering robe
  5685 | D:6      | Identified the cursed +1 robe of Modesty {+Fly rN+ rCorr
                  | Dex-2} (You found it on level 6 of the Dungeon)
  5850 | D:6      | Found a snail-covered altar of Cheibriados.
  6014 | D:6      | Found a shattered altar of Ashenzari.
  6504 | D:7      | Found a sacrificial altar of Ru.
  6809 | D:8      | Found a sparkling altar of Nemelex Xobeh.
  7043 | D:8      | Noticed Joseph
  7062 | D:8      | Killed Joseph
  7062 | D:8      | Reached skill level 5 in Invocations
  7337 | D:8      | Reached XP level 10. HP: 80/80 MP: 17/17
  7542 | D:8      | Reached ** piety under Makhleb
  7596 | D:8      | Noticed a two-headed ogre
  7617 | D:8      | Killed a two-headed ogre
  7617 | D:8      | Reached skill level 5 in Short Blades
  7617 | D:8      | Reached skill level 5 in Axes
  7617 | D:8      | Reached skill level 5 in Maces & Flails
  7617 | D:8      | Reached skill level 5 in Polearms
  7617 | D:8      | Reached skill level 5 in Staves
  7617 | D:8      | Reached skill level 5 in Slings
  7617 | D:8      | Reached skill level 5 in Bows
  7617 | D:8      | Reached skill level 5 in Crossbows
  7617 | D:8      | Reached skill level 5 in Throwing
  7617 | D:8      | Reached skill level 5 in Dodging
  7617 | D:8      | Reached skill level 5 in Stealth
  7617 | D:8      | Reached skill level 5 in Unarmed Combat
  7617 | D:8      | Reached skill level 5 in Spellcasting
  7617 | D:8      | Reached skill level 5 in Evocations
  7626 | D:8      | HP: 6/123 [orc priest/divine providence (14)]
  7966 | D:8      | Found a white marble altar of Elyvilon.
  8201 | D:9      | Noticed an ice statue
  8273 | D:9      | Found an ancient bone altar of Kikubaaqudgha.
  8331 | D:9      | Noticed Grum
  8338 | D:9      | Killed Grum
  8384 | D:9      | Found a staircase to the Lair.
  8384 | D:9      | Noticed an elephant
  8414 | D:9      | Killed an elephant
  8668 | D:9      | Reached XP level 11. HP: 87/87 MP: 19/19
  8747 | D:9      | Found a bloodstained altar of Trog.
  8833 | D:9      | Reached *** piety under Makhleb
  9031 | D:9      | Found a burning altar of Makhleb.
  9360 | D:10     | Entered Level 10 of the Dungeon
  9378 | D:10     | Noticed Snorg
  9394 | D:10     | Reached skill level 5 in Conjurations
  9394 | D:10     | Reached skill level 5 in Hexes
  9394 | D:10     | Reached skill level 5 in Charms
  9394 | D:10     | Reached skill level 5 in Summonings
  9394 | D:10     | Reached skill level 5 in Necromancy
  9394 | D:10     | Reached skill level 5 in Translocations
  9394 | D:10     | Reached skill level 5 in Transmutations
  9394 | D:10     | Reached skill level 5 in Fire Magic
  9394 | D:10     | Reached skill level 5 in Ice Magic
  9394 | D:10     | Reached skill level 5 in Air Magic
  9394 | D:10     | Reached skill level 5 in Earth Magic
  9394 | D:10     | Reached skill level 5 in Poison Magic
  9410 | D:10     | HP: 5/133 [Snorg (6)]
  9412 | D:10     | Mangled by Snorg

Vault maps used:
D:1:      lightli_arrival_statue_moat, minivault_19
D:2:      first_ration
D:4:      nicolae_gozag_seed_capital, hangedman_decor_points,
          hangedman_feature_mirror, kennysheep_generic_room_13,
          uniq_crazy_yiuf_cottage, uniq_menkaure, uniq_blork_the_orc
D:5:      nicolae_overflow_crystal_walls, lemuel_coloured_pillars_altar,
          bloody_makhleb, lemuel_crystal_altar, uniq_duvessa, uniq_ijyb,
          uniq_eustachio
D:6:      lemuel_crystal_altar, kennysheep_mini, overflow_temple_1_default,
          minmay_temple_entry_tees, basic_altar
D:7:      lemuel_doored_altar, lemuel_flame_loot_1
D:8:      nemelex_xobeh_ov_fountains_minmay, elyvilon_altar_3,
          hangedman_pestilent_swarm, wad_floor_pattern_untrapped, uniq_joseph
D:9:      lemuel_crystal_altar, old_standard_altar, david_lair_generic,
          basic_altar, minivault_16, uniq_grum
D:10:     hangedman_cross_veins, ploomutoo_gammafunk_ghost_potion_laboratory,
          uniq_snorg
Temple:   jpeg_temple_island

Skill      XL: |  1  2  3  4  5  6  7  8  9 10 11 |
---------------+----------------------------------+-----
Invocations    | 1 2 3 4 5 6 |  6.6
Short Blades   | 1 2 3 4 5 6 |  6.0
Axes           | 1 2 3 4 5 6 |  6.0
Maces & Flails | 1 2 3 4 5 6 |  6.0
Polearms       | 1 2 3 4 5 6 |  6.0
Staves         | 1 2 3 4 5 6 |  6.0
Slings         | 1 2 3 4 5 6 |  6.0
Bows           | 1 2 3 4 5 6 |  6.0
Crossbows      | 1 2 3 4 5 6 |  6.0
Throwing       | 1 2 3 4 5 6 |  6.0
Dodging        | 1 2 3 4 5 6 |  6.0
Stealth        | 1 2 3 4 5 6 |  6.0
Unarmed Combat | 1 2 3 4 5 6 |  6.0
Spellcasting   | 1 2 3 4 5 6 |  6.0
Evocations     | 1 2 3 4 5 6 |  6.0
Conjurations   | 1 2 3 4 5 |  5.0
Hexes          | 1 2 3 4 5 |  5.0
Charms         | 1 2 3 4 5 |  5.0
Summonings     | 1 2 3 4 5 |  5.0
Necromancy     | 1 2 3 4 5 |  5.0
Translocations | 1 2 3 4 5 |  5.0
Transmutations | 1 2 3 4 5 |  5.0
Fire Magic     | 1 2 3 4 5 |  5.0
Ice Magic      | 1 2 3 4 5 |  5.0
Air Magic      | 1 2 3 4 5 |  5.0
Earth Magic    | 1 2 3 4 5 |  5.0
Poison Magic   | 1 2 3 4 5 |  5.0
Long Blades    | 5 6 7 |  7.6
Fighting       | 7 8 9 |  9.0
Armour         | 7 8 9 |  9.0
Shields        | 7 8 9 |  9.0

Action                   |  1- 3 |  4- 6 |  7- 9 | 10-12 || total
-------------------------+-------+-------+-------+-------++-------
Melee: Long sword        |    81 |   103 |       |       ||   184
       Bite              |     9 |    20 |    30 |    26 ||    85
       Flail             |       |    79 |   160 |       ||   239
       Great sword       |       |       |   138 |   245 ||   383
  Use: Scroll            |       |       |    13 |       ||    13
       Potion            |       |       |     2 |     2 ||     4
  Eat: Chunk             |       |     7 |    14 |     6 ||    27
Armor: Scale mail        |    31 |     8 |       |       ||    39
       Plate armour      |       |   110 |   230 |   137 ||   477
Dodge: Dodged            |    24 |    46 |   130 |   125 ||   325
Block: Shield            |    49 |   115 |   137 |       ||   301
       Rpst.: Long sword |     7 |     7 |       |       ||    14
       Great sword       |       |       |    23 |    26 ||    49

Table legend:
 A = Non-vault XP
 B = Vault XP
 C = Vault XP percentage of total XP
 D = Non-vault monster count
 E = Vault monster count
 F = Vault count percentage of total count
                 A         B        C        D         E       F
            +---------+---------+-------+---------+---------+-------
      Total |    8124 |    3433 |  29.7 |     222 |      22 |   9.0
            +---------+---------+-------+---------+---------+-------
        D:1 |      57 |       0 |   0.0 |      24 |       0 |   0.0
        D:2 |      54 |       0 |   0.0 |      18 |       0 |   0.0
        D:3 |     267 |       0 |   0.0 |      33 |       0 |   0.0
        D:4 |     514 |     307 |  37.4 |      29 |       4 |  12.1
        D:5 |     344 |     463 |  57.4 |      17 |       4 |  19.0
        D:6 |    1193 |       0 |   0.0 |      26 |       0 |   0.0
        D:7 |     591 |       0 |   0.0 |      14 |       0 |   0.0
        D:8 |    1715 |    1093 |  38.9 |      15 |       5 |  25.0
        D:9 |    2328 |    1570 |  40.3 |      34 |       9 |  20.9
       D:10 |    1061 |       0 |   0.0 |      12 |       0 |   0.0
            +---------+---------+-------+---------+---------+-------
